 Dungeon Crawl Stone Soup version 0.24-a0-252-g5076262 (webtiles) character file.

Game seed: 11801092930890188920

98 Azureo the Slasher (level 4, -12/34 HPs)
             Began as a Demonspawn Gladiator on Apr 17, 2019.
             Was a Priest of Uskayaw.
             Killed by nerve-wracking pain
             ... invoked by an orc priest
              (13 damage)
             ... on level 3 of the Dungeon.
             The game lasted 00:16:12 (2119 turns).

Azureo the Slasher (Demonspawn Gladiator)           Turns: 2119, Time: 00:16:13

Health: -12/34     AC:  5    Str: 15    XL:     4   Next: 43%
Magic:  1/4        EV: 14    Int: 10    God:    Uskayaw [***...]
Gold:   112        SH:  0    Dex: 17    Spells: 3/3 levels left

rFire    + . .     SeeInvis .   r - +2 hand axe (flame)
rCold    . . .     Gourm    .   (no shield)
rNeg     . . .     Faith    .   j - +1 robe {rF+}
rPois    .         Spirit   .   (helmet restricted)
rElec    .         Reflect  .   (no cloak)
rCorr    .         Harm     .   (no gloves)
MR       .....                  (no boots)
Stlth    ++........             (no amulet)
HPRegen  0.11/turn              h - +3 ring of dexterity
MPRegen  0.09/turn              (no ring)

@: no status effects
A: antennae 1, molten scales 1, powered by death 1
a: Stomp, Line Pass, Renounce Religion


You were on level 3 of the Dungeon.
You worshipped Uskayaw.
Uskayaw was noncommittal.
You were not hungry.

You visited 1 branch of the dungeon, and saw 3 of its levels.

You collected 112 gold pieces.

Inventory:

Hand Weapons
 a - a +1 long sword
 r - a +2 hand axe of flaming (weapon)
Missiles
 d - 3 throwing nets (quivered)
Armour
 b - a +0 leather armour
 c - a +0 helmet
 j - a +1 robe of fire resistance (worn)
 n - a +0 helmet
 p - a +0 ring mail
Jewellery
 h - a +3 ring of dexterity (left hand)
 l - an uncursed amulet of the acrobat {unknown}
Scrolls
 m - 2 scrolls of teleportation
Potions
 e - a potion of ambrosia {unknown}
 g - a potion of heal wounds {unknown}
 i - a potion of curing {unknown}
 k - a potion of haste {unknown}
 o - a potion of might {unknown}
 q - a potion of mutation {unknown}
Comestibles
 f - 4 rations


   Skills:
 * Level 2.7 Fighting
 + Level 3.8 Long Blades
 + Level 1.9 Throwing
 + Level 3.3 Dodging
 + Level 0.3 Stealth


You had 3 spell levels left.
You didn't know any spells.
Your spell library was empty.

Dungeon Overview and Level Annotations

Branches:
Dungeon (3/15)

Altars:
Qazlal
Uskayaw
Xom
Zin


Innate Abilities, Weirdness & Mutations

You have a pair of small antennae on your head.
You are partially covered in molten scales. (AC +2)
You regenerate a little health from kills.


Message History

The orc wizard casts a spell.
The orc wizard blinks!
The orc priest hits you.
* * * LOW HITPOINT WARNING * * *
The orc misses you.
You hit the orc priest. You burn the orc priest.
The orc priest is almost dead.
You hit the orc. You burn the orc. The orc priest hits you.
* * * LOW HITPOINT WARNING * * *
The orc hits you but does no damage.
Uskayaw will force your foes to helplessly watch your dance.
Uskayaw prepares the audience for your solo!
The helpless orc priest fails to defend itself.
You hit the orc priest but do no damage.
The orc priest is almost dead.
The helpless orc fails to defend itself.
You hit the orc but do no damage.
The orc is no longer paralysed.
The orc priest is no longer paralysed.
The orc wizard is no longer paralysed.
The orc priest calls down the wrath of Beogh upon you.
Pain shoots through your body!
You die...

.# (# # ..#+#
#.######..$..
#............
#@........
#######oo.....#
#..†..')o....%#
#.#####).....)#
#.# #.......#
#.# #.......#
#.# ......?.+
#.# ##.......#
#.# #.........


You could see an orc priest, an orc wizard and an orc.

Vanquished Creatures
  4 adders (D:2)
  An ooze (D:2)
  A worm (D:2)
  A dart slug (D:1)
  A leopard gecko (D:1)
  3 orcs (D:3)
  2 bats
  3 giant cockroaches (D:1)
  9 goblins
  5 hobgoblins
  2 quokkas
  A ball python (D:1)
  6 frilled lizards
  5 kobolds
  5 rats
49 creatures vanquished.

Notes
Turn   | Place    | Note
-------+----------+-------------------------------------------
     0 | D:1      | Azureo the Demonspawn Gladiator began the quest for the
                  | Orb.
     0 | D:1      | Reached XP level 1. HP: 16/16 MP: 1/1
   555 | D:1      | Gained mutation: You have a pair of small antennae on your
                  | head. [demonic ancestry]
   555 | D:1      | Reached XP level 2. HP: 22/22 MP: 2/2
  1171 | D:2      | Found a hide-covered altar of Uskayaw.
  1171 | D:2      | Noticed a +0 dagger
  1171 | D:2      | Noticed a +0 hand axe
  1176 | D:2      | Gained mutation: You regenerate a little health from kills.
                  | [demonic ancestry]
  1176 | D:2      | Reached XP level 3. HP: 24/28 MP: 3/3
  1231 | D:2      | Became a worshipper of Uskayaw the Reveler
  1243 | D:2      | Found a stormy altar of Qazlal.
  1307 | D:2      | Reached * piety under Uskayaw
  1612 | D:2      | Found a shimmering altar of Xom.
  1612 | D:2      | Noticed an angel
  1613 | D:2      | Found a glowing silver altar of Zin.
  1621 | D:2      | Gained mutation: You are partially covered in molten
                  | scales. (AC +2) [demonic ancestry]
  1621 | D:2      | Reached XP level 4. HP: 30/34 MP: 4/4
  1621 | D:2      | Reached ** piety under Uskayaw
  2118 | D:3      | HP: 1/34 [orc priest (3)]
  2118 | D:3      | Reached *** piety under Uskayaw
  2119 | D:3      | Killed from afar by an orc priest

Levels and vault maps discovered:
D:1:      ebering_trefoil_3fold, layout_basic
D:2:      layout_basic, grunt_temple_overflow_magic_moments,
          nicolae_overflow_hidden_temple, dancing_weapons_uskayaw,
          grunt_temple_overflow_order_and_chaos_1, minivault_14
D:3:      minmay_angry_zag, layout_basic, nemelex_altar_shiori,
          grunt_gozag_breadcrumbs

Skill      XL: |  1  2 |
---------------+-------+-----
Dodging        | 3 |  3.3
Long Blades    | 3 |  3.8
Fighting       | |  2.7
Throwing       | |  1.9
Stealth        | |  0.3

Action                   |  1- 3 |  4- 6 || total
-------------------------+-------+-------++-------
Melee: Long sword        |    87 |    20 ||   107
       Hand axe          |       |    20 ||    20
Invok: Line Pass         |       |     1 ||     1
  Use: Scroll            |     3 |     2 ||     5
 Stab: Sleeping          |     2 |       ||     2
       Paralysed         |       |     2 ||     2
       Confused          |       |     1 ||     1
  Eat: Ration            |     2 |       ||     2
Armor: Leather armour    |    19 |       ||    19
       Robe              |     5 |     9 ||    14
       Ring mail         |     1 |    12 ||    13
Dodge: Dodged            |    76 |    45 ||   121
       Rpst.: Long sword |    23 |     6 ||    29

Table legend:
 A = Non-vault XP
 B = Vault XP
 C = Vault XP percentage of total XP
 D = Non-vault monster count
 E = Vault monster count
 F = Vault count percentage of total count
                 A         B        C        D         E       F
            +---------+---------+-------+---------+---------+-------
      Total |     140 |       0 |   0.0 |      49 |       0 |   0.0
            +---------+---------+-------+---------+---------+-------
        D:1 |      42 |       0 |   0.0 |      25 |       0 |   0.0
        D:2 |      81 |       0 |   0.0 |      15 |       0 |   0.0
        D:3 |      17 |       0 |   0.0 |       9 |       0 |   0.0
            +---------+---------+-------+---------+---------+-------
